 Dungeon Crawl Stone Soup version 0.22-a0-348-gd16d139 (webtiles) character file.

3 Amnesiac the Cutter (level 1, -2/11 HPs)
             Began as a Vine Stalker Gladiator on Apr 9, 2018.
             Slain by a leopard gecko (4 damage)
             ... on level 1 of the Dungeon.
             The game lasted 00:00:12 (96 turns).

Amnesiac the Cutter (Vine Stalker Gladiator)          Turns: 96, Time: 00:00:13

Health: -2/11      AC:  4    Str: 16    XL:     1   Next: 50%
Magic:  0/2        EV: 12    Int:  8    God:
Gold:   5          SH:  0    Dex: 15    Spells: 0/0 levels left

rFire    . . .     SeeInvis .   a - +0 rapier
rCold    . . .     Gourm    .   (no shield)
rNeg     . . .     Faith    .   b - +0 leather armour
rPois    .         Spirit   +   c - +0 helmet
rElec    .         Reflect  .   (no cloak)
rCorr    .         Harm     .   (no gloves)
MR       .....                  (no boots)
Stlth    +.........             (no amulet)
HPRegen  0.03/turn              (no ring)
MPRegen  0.08/turn              (no ring)

@: no status effects
A: fangs 2, magic shield, antimagic bite, no potion heal 3, rot immunity
a: no special abilities


You were on level 1 of the Dungeon.
You were not hungry.

You visited 1 branch of the dungeon, and saw 1 of its levels.

You collected 5 gold pieces.

Inventory:

Hand Weapons
 a - a +0 rapier (weapon)
Missiles
 d - 3 throwing nets (quivered)
Armour
 b - a +0 leather armour (worn)
 c - a +0 helmet (worn)
Scrolls
 h - a scroll of immolation {!r, unknown}
Potions
 e - 2 potions of curing {!q, unknown}
Comestibles
 f - a ration
 g - 3 chunks of flesh


   Skills:
 - Level 1.7 Fighting
 + Level 2.9 Short Blades
 - Level 1.7 Throwing
 - Level 2.4 Dodging


You couldn't memorise any spells.
You didn't know any spells.

Dungeon Overview and Level Annotations

Branches:
Dungeon (1/15)

Altars:


Innate Abilities, Weirdness & Mutations

You have extremely sharp teeth.
When hurt, damage is shared between your health and your magic reserves.
Your bite disrupts and absorbs the magic of your enemies.
Potions cannot restore your health.
You are immune to rotting.


Message History

Things that are here:
a club; a goblin corpse No target in view!
No target in view!
No target in view!
You butcher the goblin corpse.
g - 3 chunks of flesh (gained 2)
You see here a club. x2
You see here 18 stones.
h - a scroll labeled SIPOGY MAAFASA {!r} No target in view!
HP restored.
You now have 5 gold pieces.
Found 23 stones.
No target in view!
A kobold comes into view.
The kobold shouts!
You hear a shout!
A hobgoblin comes into view. It is wielding a club.
The hobgoblin shouts!
You see here a scroll labeled QULOMYESTRA {!r}.
There are monsters nearby!
There are monsters nearby!
You closely miss the kobold. The kobold closely misses you.
A leopard gecko comes into view.
There are monsters nearby!
The leopard gecko hisses angrily.
You hit the kobold.
You kill the kobold!
You hear a shout! x2
The leopard gecko hisses menacingly.
A kobold comes into view. It is wielding a dagger.
The hobgoblin misses you.
A goblin comes into view.
You see here a kobold corpse.
You hit the hobgoblin.
You bite the hobgoblin, but do no damage.
The hobgoblin is lightly wounded.
The hobgoblin misses you.
The goblin moves out of view.
You barely miss the hobgoblin.
The hobgoblin is lightly wounded.
The leopard gecko closely misses you. The hobgoblin hits you with a club.
You hit the hobgoblin but do no damage. You bite the hobgoblin.
You drain its power.
The hobgoblin is heavily wounded.
The leopard gecko bites you but does no damage.
The hobgoblin barely misses you.
You barely miss the hobgoblin.
The hobgoblin is heavily wounded.
The leopard gecko barely misses you. The kobold hits you with a dagger.
The hobgoblin closely misses you. The leopard gecko bites you.
You closely miss the hobgoblin. You bite the hobgoblin. You drain its power.
The hobgoblin is almost dead.
The kobold hits you with a dagger. The leopard gecko misses you.
The hobgoblin hits you with a club.
You see here a scroll labeled QULOMYESTRA {!r}.
You hit the leopard gecko.
The leopard gecko is almost dead.
The leopard gecko barely misses you.
You miss the leopard gecko.
The leopard gecko is almost dead.
The leopard gecko bites you.
* * * LOW HITPOINT WARNING * * *
The leopard gecko bites you.
You die...

... ....# #.. ....
#..#... #..... .#
#####....#+#.##
.................
......gKg..#....#
.##..##l#..#....#
.##..##@#..#....#
........#..#....##
###..............#
#"....#...#....#
#.....(...#....#
................#
###........#.###...
...########..#
...... ##.##


You could see a leopard gecko, a hobgoblin, a goblin and a kobold.

Vanquished Creatures
  A goblin (D:1)
  A frilled lizard (D:1)
  2 kobolds (D:1)
4 creatures vanquished.

Notes
Turn   | Place    | Note
-------+----------+-------------------------------------------
     0 | D:1      | Amnesiac the Vine Stalker Gladiator began the quest for the Orb.
     0 | D:1      | Reached XP level 1. HP: 11/11 MP: 2/2
    96 | D:1      | Slain by a leopard gecko

Vault maps used:
D:1:      dpeg_arrival_rooms_b, hangedman_decor_clover_reticule

Action                   || total
-------------------------++-------
Melee: Rapier            ||    15
       Bite              ||     4
Armor: Leather armour    ||     1
Dodge: Dodged            ||    11

Table legend:
 A = Spawn XP
 B = Non-spawn XP
 C = Spawn XP percentage of total XP
 D = Spawn monster count
 E = Non-spawn monster count
 F = Spawn count percentage of total count
 G = Total turns spent on level
                    A         B        C        D         E        F      G
               +---------+---------+-------+---------+---------+-------+---------
         Total |       0 |       5 |   0.0 |       0 |       4 |   0.0 |    96
               +---------+---------+-------+---------+---------+-------+---------
           D:1 |       0 |       5 |   0.0 |       0 |       4 |   0.0 |    96
               +---------+---------+-------+---------+---------+-------+---------
